 Dungeon Crawl Stone Soup version 0.27.0-1-g7a089689b8 (webtiles) character file.

Game seed: 8993579078431010703

93 Dennis261 the Skirmisher (level 4, -5/37 HPs)
             Began as a Palentonga Fighter on Aug 2, 2021.
             Was an Initiate of Yredelemnul.
             Slain by Blork the orc (7 damage)
             ... on level 4 of the Dungeon.
             The game lasted 00:14:03 (3488 turns).

Dennis261 the Skirmisher (Palentonga Fighter)       Turns: 3488, Time: 00:14:03

Health: -5/37      AC:  7    Str: 20    XL:     4   Next: 36%
Magic:  4/4        EV:  5    Int:  9    God:    Yredelemnul [......]
Gold:   151        SH:  9    Dex: 12    Spells: 3/3 levels left

rFire    . . .     SeeInvis +   j - +2 dagger (drain)
rCold    . . .     Faith    .   c - +0 kite shield
rNeg     . . .     Spirit   .   b - +0 scale mail {FIre}
rPois    .         Reflect  .   (no helmet)
rElec    .         Harm     .   (no cloak)
rCorr    .         Rampage  .   o - +0 pair of gloves {Dex+3}
Will     .....                  (no barding)
Stlth    ..........             (no amulet)
HPRegen  0.12/turn              (no ring)
MPRegen  0.09/turn              (no ring)

@: no status effects
A: large, rugged brown scales 3, see invisible, deformed body, roll 1, armoured
tail
a: Rolling Charge, Renounce Religion


You were on level 4 of the Dungeon.
You worshipped Yredelemnul.
Yredelemnul was noncommittal.
You visited 2 branches of the dungeon, and saw 5 of its levels.

You collected 151 gold pieces.

Inventory:

Hand Weapons
 a - a +0 war axe
 e - a +0 dagger
 h - a +0 hunting sling
 j - a +2 dagger of draining (weapon)
 l - a +0 quarterstaff
 m - a +0 short sword
 q - a +0 mace
 r - a +0 whip
 u - a +0 hand axe
Missiles
 i - 11 arrows
 s - 23 stones
Armour
 b - a +0 scale mail (worn) {FIre}
 c - a +0 kite shield (worn)
 o - a +0 pair of gloves of dexterity (worn)
 x - a +0 scale mail
Jewellery
 w - a ring of magical power
Scrolls
 f - a scroll of enchant weapon {unknown}
 g - a scroll of blinking
 k - a scroll of amnesia
 n - a scroll of immolation {unknown}
 t - a scroll of teleportation {unknown}
Potions
 d - 2 potions of might
 p - a potion of curing {unknown}
 v - a potion of cancellation {unknown}


   Skills:
 + Level 3.2 Fighting
 + Level 0.9 Short Blades
 + Level 2.6 Axes
 + Level 3.1 Armour
 + Level 0.7 Dodging
 + Level 2.9 Shields


You had 3 spell levels left.
You didn't know any spells.
Your spell library contained the following spells:

 Spells                   Type           Power      Damage    Failure   Level
 Freeze                   Ice            0%         1d3       99%         1
 Magic Dart               Conj           0%         1d3       99%         1
 Searing Ray              Conj           0%         3d3       99%         2
 Frozen Ramparts          Ice            0%         1d2       100%        3
 Fulminant Prism          Conj/Hex       0%         3d6       100%        4
 Hailstorm                Conj/Ice       0%         3d3       100%        4


Dungeon Overview and Level Annotations

Branches:
Dungeon (4/15)             Temple (1/1) D:4

Altars:
Gozag
Kikubaaqudgha
Nemelex Xobeh
Ru
Vehumet
Yredelemnul

Shops:
D:1 *

Annotations:
D:4 Blork the orc


Innate Abilities, Weirdness & Mutations

You are completely covered in rugged brown scales. (AC +3, +7% HP)
You have supernaturally acute eyesight. (SInv)
Armour fits poorly on your strangely shaped body.
You can roll at nearby foes to attack.
You have a long armoured tail.


Message History

Yredelemnul accepts your kill. The ball python barely misses you.
Blork the orc hits you but does no damage.
You block the ball python's attack.
You have reached level 4!
You feel clever.
Blork the orc hits you from afar with a +0 halberd.
You block the ball python's attack. You block Blork the orc's attack.
You block Blork the orc's attack. The ball python bites you.
You see here a hound corpse.
You hit Blork the orc.
Blork the orc is lightly wounded.
Blork the orc hits you with a +0 halberd.
The ball python bites you but does no damage.
You block Blork the orc's attack.
You closely miss Blork the orc.
Blork the orc is lightly wounded.
Blork the orc hits you with a +0 halberd!
You block the ball python's attack.
Blork the orc hits you with a +0 halberd!
The ball python bites you but does no damage.
Your shield and scale mail prevent you from hitting Blork the orc.
You tail-slap Blork the orc!
Blork the orc is moderately wounded.
Blork the orc screams, "I'm much stronger than you!"
Blork the orc hits you with a +0 halberd!
* * * LOW HITPOINT WARNING * * *
You block the ball python's attack.
Blork the orc hits you but does no damage.
Blink to where?
Press: ? - help, Dir - move target
As you read the scroll of blinking, it crumbles to dust.
Found a scroll labelled TECACO MOPUM.
You see here a +0 spear.
You block Blork the orc's attack. x2
You block Blork the orc's attack.
Found a stone staircase leading down.
Blork the orc hits you from afar with a +0 halberd!
You die...
Your body rises from the dead as a mindless zombie.

...##...####.#
#...##.†.# #.#
#...##...# #<#
#...##...# #.#
#...##...####.#
#...........#.#
#...........#.#
#..o.......#.#
#@.S)......#.#
#?##########.#
..># #.# ###.#
#.# #.# #.#
#.#### #.#
#....#######.#
#.##....⌠....#
#.........#


You could see Blork the orc (fast) and a ball python.

Vanquished Creatures
  A hound (D:4)
  An adder (D:4)
  An adder skeleton (D:3)
  2 worms (D:2)
  A dart slug (D:1)
  An orc (D:3)
  2 ball pythons (D:2)
  6 endoplasms
  A giant cockroach (D:3)
  A goblin (D:3)
  7 hobgoblins
  A quokka (D:1)
  8 bats
  3 frilled lizards (D:1)
  5 kobolds
  3 rats
44 creatures vanquished.

Notes
Turn   | Place    | Note
-------+----------+-------------------------------------------
     0 | D:1      | Dennis261 the Palentonga Fighter began the quest for the
                  | Orb.
     0 | D:1      | Reached XP level 1. HP: 19/19 MP: 1/1
   184 | D:1      | You fall into a shaft and drop 1 floor!
   457 | D:2      | Reached XP level 2. HP: 7/25 MP: 2/2
  1483 | D:1      | Reached XP level 3. HP: 31/31 MP: 3/3
  1516 | D:1      | Found Liesain's Assorted Antiques.
  3310 | D:4      | Found a staircase to the Ecumenical Temple.
  3318 | Temple   | Entered the Ecumenical Temple
  3325 | Temple   | Became a worshipper of Yredelemnul the Dark
  3470 | D:4      | Noticed Blork the orc
  3478 | D:4      | Reached XP level 4. HP: 36/37 MP: 4/4
  3482 | D:4      | HP: 1/37 [Blork the orc (12)]
  3488 | D:4      | Slain by Blork the orc

Illustrated notes

Levels and vault maps discovered:
D:1:      dpeg_arrival_boxes_within_box, layout_basic, serial_shops,
          nicolae_diamond_shop, minmay_misc_feat_pillars
D:2:      layout_basic
D:3:      layout_loops_cross, hex_tiny, fountainhead
D:4:      layout_basic, grunt_temple_overflow_order_and_chaos_1, minitemple,
          temple_fountains, uniq_blork_the_orc, uniq_pikel
Temple:   compressed_dpeg_triangle_lava_temple

Skill      XL: |  1  2  3 |
---------------+----------+-----
Armour         | 3 |  3.1
Fighting       | |  3.2
Short Blades   | |  0.9
Axes           | |  2.6
Dodging        | |  0.7
Shields        | |  2.9

Action                   |  1- 3 |  4- 6 || total
-------------------------+-------+-------++-------
Melee: War axe           |    34 |       ||    34
       Tailslap          |    14 |     1 ||    15
       Dagger            |    98 |     3 ||   101
 Abil: Rolling Charge    |     2 |       ||     2
  Use: Scroll            |     2 |     1 ||     3
Armor: Scale mail        |    72 |     3 ||    75
Dodge: Dodged            |    25 |       ||    25
Block: Kite shield       |    72 |     9 ||    81
